 Dungeon Crawl Stone Soup version 0.27.0-1-g7a089689b8 (webtiles) character file.

Game seed: 7323461874828089770

62 inmateoo the Skirmisher (level 3, -2/30 HPs)
             Began as a Demonspawn Monk on Aug 6, 2021.
             Slain by an orc priest (3 damage)
             ... on level 3 of the Dungeon.
             The game lasted 00:02:05 (2093 turns).

inmateoo the Skirmisher (Demonspawn Monk)           Turns: 2093, Time: 00:02:06

Health: -2/30      AC:  4    Str: 11    XL:     3   Next: 85%
Magic:  0/3        EV: 13    Int: 12    God:
Gold:   6          SH:  0    Dex: 15    Spells: 2/2 levels left

rFire    . . .     SeeInvis .     - Unarmed
rCold    . . .     Faith    .   (no shield)
rNeg     . . .     Spirit   +   a - +0 robe
rPois    .         Reflect  .   h - +2 hat
rElec    .         Harm     .   (no cloak)
rCorr    .         Rampage  .   (no gloves)
Will     .....                  (no boots)
Stlth    ++........             b - amulet of guardian spirit
HPRegen  0.10/turn              (no ring)
MPRegen  0.08/turn              (no ring)

@: no status effects
A: antennae 1, hooves 1
a: no special abilities


You were on level 3 of the Dungeon.
You visited 1 branch of the dungeon, and saw 3 of its levels.

You collected 6 gold pieces.

Inventory:

Armour
 a - a +0 robe (worn)
 h - a +2 hat (worn)
Jewellery
 b - an amulet of guardian spirit (around neck)
 d - a ring of magical power
Scrolls
 c - a scroll of amnesia {unknown}
 e - a scroll of brand weapon
 f - a scroll of identify


   Skills:
 + Level 3.8 Fighting
 - Level 3.0 Dodging
 - Level 2.0 Stealth
 + Level 3.4 Unarmed Combat


You had 2 spell levels left.
You didn't know any spells.
Your spell library was empty.

Dungeon Overview and Level Annotations

Branches:
Dungeon (3/15)

Altars:


Innate Abilities, Weirdness & Mutations

You have a pair of small antennae on your head.
You have large cloven feet.


Message History

The orc priest is moderately wounded.
The orc priest closely misses you.
You barely miss the orc priest. Your kick misses the orc priest.
The orc priest is moderately wounded.
The orc priest barely misses you.
You closely miss the orc priest.
The orc priest is moderately wounded.
The orc priest hits you but does no damage.
You completely miss the orc priest. Your kick misses the orc priest.
The orc priest is moderately wounded.
The orc priest mumbles some strange prayers to Beogh against you.
Beogh smites you!
You barely miss the orc priest.
The orc priest is moderately wounded.
The orc priest barely misses you.
You barely miss the orc priest.
The orc priest is moderately wounded.
The orc priest hits you with a +0 mace.
You hit the orc priest. Your kick misses the orc priest.
The orc priest is heavily wounded.
You are too injured to fight recklessly!
You closely miss the orc priest.
You kick the orc priest, but do no damage.
The orc priest is heavily wounded.
The orc priest hits you with a +0 mace.
* * * LOW HITPOINT WARNING * * *
You hit the orc priest.
The orc priest is severely wounded.
The orc priest hits you with a +0 mace!
* * * LOW HITPOINT WARNING * * *
You closely miss the orc priest.
The orc priest is severely wounded.
The orc priest closely misses you.
You barely miss the orc priest. You kick the orc priest.
The orc priest is almost dead.
The orc priest closely misses you.
You hit the orc priest but do no damage.
The orc priest is almost dead.
The orc priest hits you with a +0 mace.
You die...

#.♣...♣ ..♣...
#...#.#.#.#.#.#.
#..............
#............#
#............#
#............#
.............#
#.....o@....##
#..............
#...........###
#..............
#...........##.
#...........#
#####.####### #.
#.


You could see an orc priest.

Vanquished Creatures
  2 adders (D:2)
  A worm (D:2)
  2 dart slugs
  2 orcs (D:2)
  4 bats (D:1)
  5 endoplasms
  A giant cockroach (D:1)
  2 goblins
  3 hobgoblins
  2 quokkas (D:2)
  4 ball pythons
  3 kobolds
  A rat (D:2)
32 creatures vanquished.

Notes
Turn   | Place    | Note
-------+----------+-------------------------------------------
     0 | D:1      | inmateoo the Demonspawn Monk began the quest for the Orb.
     0 | D:1      | Reached XP level 1. HP: 18/18 MP: 1/1
   471 | D:1      | Gained mutation: You have large cloven feet. [demonic
                  | ancestry]
   471 | D:1      | Reached XP level 2. HP: 22/24 MP: 2/2
   551 | D:1      | Found a faded altar of an unknown god.
  1270 | D:2      | Gained mutation: You have a pair of small antennae on your
                  | head. [demonic ancestry]
  1270 | D:2      | Reached XP level 3. HP: 16/29 MP: 3/3
  2090 | D:3      | HP: 1/30 [orc priest (8)]
  2093 | D:3      | Slain by an orc priest

Illustrated notes

Levels and vault maps discovered:
D:1:      tarquinn_simple_flora_water_b, layout_loops_ring,
          dilly_ecumenical_altar_fadedgnrine
D:2:      layout_rooms
D:3:      layout_basic, kennysheep_crisscross

Skill      XL: |  1  2 |
---------------+-------+-----
Stealth        | 2 |  2.0
Unarmed Combat | 3 |  3.4
Dodging        | 3 |  3.0
Fighting       | |  3.8

Action                   || total
-------------------------++-------
Melee: Unarmed           ||   132
       Kick              ||    27
       Punch             ||     1
  Use: Potion            ||     1
       Scroll            ||     3
 Stab: Sleeping          ||     4
       Invisible         ||     1
Armor: Robe              ||    32
Dodge: Dodged            ||   101
